MLB
PHILADELPHIA PHILLIES @ ATLANTA BRAVES
09/18/2019
 
TOP OF THE 1ST
Philadelphia Phillies batting - Pitching for Atlanta Braves : LHP Brent Suter
Pitching: LHP Brent Suter
Batting: LHB Leonys Martin 0-0: Foul Ball, location: 2F
0-1: Ball
1-1: Fly out, F7 (Line Drive, 7, EV 98.1 MPH)
Batting: SHB Ketel Marte 0-0: Called Strike
0-1: Fly out, F8 (Flyball, 8LS, EV 80.0 MPH)
Batting: RHB Giancarlo Stanton 0-0: Called Strike
0-1: Foul Ball, location: 2F
0-2: Hit by Pitch
Batting: RHB Jesus Aguilar 0-0: Ball
1-0: SINGLE (Groundball, 6MD, EV 108.1 MPH)
Giancarlo Stanton to second
Batting: LHB David Peralta 0-0: Foul Ball, location: 2F
0-1: Ball
1-1: Foul Ball, location: 2F
1-2: Ball
2-2: Strikes out swinging
Top of the 1st over - 0 runs, 1 hit, 0 errors, 2 left on base; Philadelphia 0 - Atlanta 0
BOTTOM OF THE 1ST
Atlanta Braves batting - Pitching for Philadelphia Phillies : RHP Zack Godley
Pitching: RHP Zack Godley
Batting: LHB Mallex Smith 0-0: Ball
1-0: Called Strike
1-1: Ball
2-1: Foul Ball, location: 2F
2-2: Foul Ball, location: 2F
2-2: Strikes out swinging
Batting: RHB Adeiny Hechavarria 0-0: Ground out 1-3 (Groundball, 13, EV 69.4 MPH)
Batting: LHB Ben Gamel 0-0: Called Strike
0-1: Called Strike
0-2: Foul Ball, location: 2F
0-2: Ball
1-2: Foul Ball, location: 2F
1-2: Ball
2-2: Ball
3-2: Foul Ball, location: 2F
3-2: Strikes out swinging
Bottom of the 1st over - 0 runs, 0 hits, 0 errors, 0 left on base; Philadelphia 0 - Atlanta 0
TOP OF THE 2ND
Philadelphia Phillies batting - Pitching for Atlanta Braves : LHP Brent Suter
Batting: RHB Todd Frazier 0-0: Ball
1-0: Ball
2-0: Called Strike
2-1: Ground out 6-3 (Groundball, 56, EV 88.1 MPH)
Batting: RHB Josh Harrison 0-0: Called Strike
0-1: Called Strike
0-2: Ball
1-2: Foul Ball, location: 2F
1-2: SOLO HOME RUN (Line Drive, 7LD, EV 106.9 MPH), Distance : 360 ft
Batting: RHB Carson Kelly 0-0: Called Strike
0-1: Ball
1-1: Ball
2-1: Ball
3-1: Called Strike
3-2: SINGLE (Line Drive, 9LS, EV 85.6 MPH)
Batting: RHB Zack Godley 0-0: Sac Bunt - play at second, runner OUT -> throw to first, DP!
Top of the 2nd over - 1 run, 2 hits, 0 errors, 0 left on base; Philadelphia 1 - Atlanta 0
BOTTOM OF THE 2ND
Atlanta Braves batting - Pitching for Philadelphia Phillies : RHP Zack Godley
Batting: LHB Kole Calhoun 0-0: Called Strike
0-1: Fly out, F9 (Line Drive, 9, EV 93.8 MPH)
Batting: RHB John Ryan Murphy 0-0: Ball
1-0: Ball
2-0: Ball
3-0: Base on Balls
Batting: RHB Ian Desmond 0-0: Called Strike
0-1: Called Strike
0-2: Strikes out swinging
Batting: SHB Juniel Querecuto 0-0: Ball
1-0: Foul Ball, location: 2F
1-1: Ball
2-1: Ball
3-1: Called Strike
3-2: Ground out 3-1 (Groundball, 3, EV 103.1 MPH)
Bottom of the 2nd over - 0 runs, 0 hits, 0 errors, 1 left on base; Philadelphia 1 - Atlanta 0
TOP OF THE 3RD
Philadelphia Phillies batting - Pitching for Atlanta Braves : LHP Brent Suter
Batting: LHB Leonys Martin 0-0: Foul Ball, location: 2F
0-1: Ball
1-1: Fly out, F9 (Flyball, 9S, EV 72.5 MPH)
Batting: SHB Ketel Marte 0-0: DOUBLE (Line Drive, 9LM, EV 99.4 MPH)
Batting: RHB Giancarlo Stanton 0-0: Called Strike
0-1: SINGLE (Groundball, 6MD, EV 95.6 MPH)
Ketel Marte to third
Batting: RHB Jesus Aguilar 0-0: Fly out, F8 (Flyball, 8LS, EV 93.1 MPH)
Runner from 3rd tags up, SCORES, throw by CF
Batting: LHB David Peralta 0-0: Called Strike
0-1: Ball
1-1: Ball
2-1: Ball
3-1: Swinging Strike
3-2: Fly out, F7 (Line Drive, 7D, EV 96.9 MPH)
Top of the 3rd over - 1 run, 2 hits, 0 errors, 1 left on base; Philadelphia 2 - Atlanta 0
BOTTOM OF THE 3RD
Atlanta Braves batting - Pitching for Philadelphia Phillies : RHP Zack Godley
Batting: RHB Pat Valaika 0-0: Swinging Strike
0-1: Foul Ball, location: 2F
0-2: Strikes out swinging
Batting: LHB Brent Suter 0-0: Swinging Strike
0-1: Foul Ball, location: 2F
0-2: Ground out 5-3 (Groundball, 5, EV 77.5 MPH)
Batting: LHB Mallex Smith 0-0: Called Strike
0-1: Ball
1-1: Ball
2-1: Ball
3-1: Called Strike
3-2: Base on Balls
Batting: RHB Adeiny Hechavarria 0-0: Ball
1-0: Swinging Strike
1-1: Ball
2-1: Swinging Strike
2-2: Ball
3-2: Strikes out swinging
Bottom of the 3rd over - 0 runs, 0 hits, 0 errors, 1 left on base; Philadelphia 2 - Atlanta 0
TOP OF THE 4TH
Philadelphia Phillies batting - Pitching for Atlanta Braves : LHP Brent Suter
Batting: RHB Todd Frazier 0-0: Ball
1-0: Foul Ball, location: 2F
1-1: Foul Ball, location: 2F
1-2: Ball
2-2: SINGLE (Groundball, 6MD, EV 98.8 MPH)
Batting: RHB Josh Harrison 0-0: Ball
1-0: Ball
2-0: Ball
3-0: Fielders Choice at 2nd, 6-4 (Groundball, 6, EV 85.0 MPH)
Batting: RHB Carson Kelly 0-0: Foul Ball, location: 2F
0-1: Ball
1-1: Foul Ball, location: 2F
1-2: Ball
2-2: Ball
3-2: Base on Balls
Josh Harrison to second
Batting: RHB Zack Godley 0-0: Reached on error, E5 (Groundball, 25, EV 43.8 MPH)
Josh Harrison scores
Carson Kelly to third
Batting: LHB Leonys Martin 0-0: Fly out, F9 (Flyball, 9, EV 97.5 MPH)
Runner from 3rd tags up, OUT at HOME! 9-2
Top of the 4th over - 1 run, 1 hit, 1 error, 1 left on base; Philadelphia 3 - Atlanta 0
BOTTOM OF THE 4TH
Atlanta Braves batting - Pitching for Philadelphia Phillies : RHP Zack Godley
Batting: LHB Ben Gamel 0-0: Called Strike
0-1: Foul Ball, location: 2F
0-2: Foul Ball, location: 2F
0-2: Ball
1-2: SINGLE (Groundball, 6D, EV 94.4 MPH)
Batting: LHB Kole Calhoun 0-0: Called Strike
0-1: Fly out, F8 (Flyball, 78D, EV 105.0 MPH)
Batting: RHB John Ryan Murphy 0-0: Ball
1-0: Ball
2-0: DOUBLE (Line Drive, 9LS, EV 96.3 MPH)
Ben Gamel to third
Batting: RHB Ian Desmond 0-0: Ball
1-0: Called Strike
1-1: Ground out 6-3 (Groundball, 6, EV 86.3 MPH)
Ben Gamel scores
Batting: SHB Juniel Querecuto 0-0: Called Strike
0-1: Swinging Strike
0-2: Strikes out looking
Bottom of the 4th over - 1 run, 2 hits, 0 errors, 1 left on base; Philadelphia 3 - Atlanta 1
TOP OF THE 5TH
Philadelphia Phillies batting - Pitching for Atlanta Braves : LHP Brent Suter
Batting: SHB Ketel Marte 0-0: Ball
1-0: Ball
2-0: Called Strike
2-1: Ball
3-1: Ground out 5-3 (Groundball, 5, EV 84.4 MPH)
Batting: RHB Giancarlo Stanton 0-0: Ball
1-0: Ball
2-0: Fly out, F8 (Flyball, 8LM, EV 88.8 MPH)
Batting: RHB Jesus Aguilar 0-0: Swinging Strike
0-1: Ball
1-1: Ball
2-1: Ball
3-1: Ground out 4-3 (Groundball, 4M, EV 80.6 MPH)
Top of the 5th over - 0 runs, 0 hits, 0 errors, 0 left on base; Philadelphia 3 - Atlanta 1
BOTTOM OF THE 5TH
Atlanta Braves batting - Pitching for Philadelphia Phillies : RHP Zack Godley
Batting: RHB Pat Valaika 0-0: Ball
1-0: Ball
2-0: Ball
3-0: Ground out 6-3 (Groundball, 6, EV 87.5 MPH)
Batting: LHB Brent Suter 0-0: Called Strike
0-1: Swinging Strike
0-2: Strikes out swinging
Batting: LHB Mallex Smith 0-0: Ball
1-0: Ground out 5-3 (Groundball, 5, EV 80.6 MPH)
Bottom of the 5th over - 0 runs, 0 hits, 0 errors, 0 left on base; Philadelphia 3 - Atlanta 1
TOP OF THE 6TH
Philadelphia Phillies batting - Pitching for Atlanta Braves : LHP Brent Suter
Batting: LHB David Peralta 0-0: Called Strike
0-1: Ground out 6-3 (Groundball, 6, EV 86.9 MPH)
Batting: RHB Todd Frazier 0-0: Ground out 6-3 (Groundball, 56, EV 96.9 MPH)
Batting: RHB Josh Harrison 0-0: Foul Ball, location: 2F
0-1: Foul Ball, location: 2F
0-2: Foul Ball, location: 2F
0-2: Ball
1-2: Foul Ball, location: 2F
1-2: Ball
2-2: Strikes out looking
Top of the 6th over - 0 runs, 0 hits, 0 errors, 0 left on base; Philadelphia 3 - Atlanta 1
BOTTOM OF THE 6TH
Atlanta Braves batting - Pitching for Philadelphia Phillies : RHP Zack Godley
Batting: RHB Adeiny Hechavarria 0-0: Ball
1-0: Fly out, F8 (Flyball, 8RM, EV 87.5 MPH)
Batting: LHB Ben Gamel 0-0: Called Strike
0-1: Ball
1-1: Swinging Strike
1-2: Ball
2-2: Ball
3-2: Strikes out swinging
Batting: LHB Kole Calhoun 0-0: Swinging Strike
0-1: SINGLE (Groundball, 3D, EV 95.0 MPH)
Batting: RHB John Ryan Murphy 0-0: Called Strike
0-1: Foul Ball, location: 2F
0-2: Fielders Choice at 2nd, 4-6 (Groundball, 4MD, EV 81.9 MPH)
Bottom of the 6th over - 0 runs, 1 hit, 0 errors, 1 left on base; Philadelphia 3 - Atlanta 1
TOP OF THE 7TH
Philadelphia Phillies batting - Pitching for Atlanta Braves : LHP Brent Suter
Pitching: RHP Daniel Hudson
Batting: RHB Carson Kelly 0-0: Ball
1-0: Swinging Strike
1-1: Foul Ball, location: 2F
1-2: Ball
2-2: Fly out, F8 (Flyball, 8LD, EV 85.0 MPH)
Pinch Hitting: LHB Nicky Delmonico 0-0: Called Strike
0-1: Swinging Strike
0-2: Ball
1-2: Ball
2-2: Strikes out swinging
Batting: LHB Leonys Martin 0-0: Ball
1-0: Foul Ball, location: 2F
1-1: Ball
2-1: Ball
3-1: Fly out, F6 (Line Drive, 6, EV 69.4 MPH)
Top of the 7th over - 0 runs, 0 hits, 0 errors, 0 left on base; Philadelphia 3 - Atlanta 1
BOTTOM OF THE 7TH
Atlanta Braves batting - Pitching for Philadelphia Phillies : RHP Zack Godley
Pitching: RHP Bryan Shaw
Batting: RHB Ian Desmond 0-0: Called Strike
0-1: Swinging Strike
0-2: Foul Ball, location: 2F
0-2: Hit by Pitch
Batting: SHB Juniel Querecuto 0-0: Ball
1-0: Ball
2-0: SINGLE (Line Drive, 4M, EV 97.5 MPH)
Ian Desmond to second
Batting: RHB Pat Valaika 0-0: Ball
1-0: Ball
2-0: Called Strike
2-1: Foul Ball, location: 2F
2-2: Foul Ball, location: 2F
2-2: Foul Ball, location: 2F
2-2: Ball
3-2: Base on Balls
Ian Desmond to third
Juniel Querecuto to second
Pinch Hitting: LHB Lucas Duda 0-0: Called Strike
0-1: Ball
1-1: Called Strike
1-2: Ball
2-2: Fly out, F9 (Flyball, 9S, EV 86.9 MPH)
Pitching: LHP Alex Claudio
Pinch Hitting: RHB Domingo Santana 0-0: Called Strike
0-1: Called Strike
0-2: Ball
1-2: Grounds into double play, 1-2-3 (Groundball, 34S, EV 83.8 MPH)
Bottom of the 7th over - 0 runs, 1 hit, 0 errors, 2 left on base; Philadelphia 3 - Atlanta 1
TOP OF THE 8TH
Philadelphia Phillies batting - Pitching for Atlanta Braves : RHP Daniel Hudson
Pitching: LHP Brian Johnson
Now in CF: Luis Alexander Basabe
Batting: SHB Ketel Marte 0-0: Called Strike
0-1: SOLO HOME RUN (Flyball, 7D, EV 96.3 MPH), Distance : 387 ft
Batting: RHB Giancarlo Stanton 0-0: Ball
1-0: Ball
2-0: Ball
3-0: Base on Balls
Batting: RHB Jesus Aguilar 0-0: Ball
1-0: Ball
2-0: Ball
3-0: Base on Balls
Giancarlo Stanton to second
Batting: LHB David Peralta 0-0: Called Strike
0-1: Ball
1-1: Foul Ball, location: 2F
1-2: Ground out 4-3 (Groundball, 34D, EV 108.8 MPH)
Giancarlo Stanton to third
Jesus Aguilar to second
Batting: RHB Todd Frazier 0-0: Swinging Strike
0-1: Ball
1-1: Fly out, F7 (Flyball, 7S, EV 96.9 MPH)
Batting: RHB Josh Harrison 0-0: Called Strike
0-1: Ground out 5-3 (Groundball, 56, EV 103.8 MPH)
Top of the 8th over - 1 run, 1 hit, 0 errors, 2 left on base; Philadelphia 4 - Atlanta 1
BOTTOM OF THE 8TH
Atlanta Braves batting - Pitching for Philadelphia Phillies : LHP Alex Claudio
Batting: RHB Adeiny Hechavarria 0-0: Ball
1-0: Ball
2-0: Fly out, F8 (Flyball, 8LM, EV 80.6 MPH)
Batting: LHB Ben Gamel 0-0: Ball
1-0: Called Strike
1-1: Ball
2-1: Swinging Strike
2-2: Strikes out swinging
Batting: LHB Kole Calhoun 0-0: Called Strike
0-1: SINGLE (Groundball, 6MD, EV 93.8 MPH)
Batting: RHB John Ryan Murphy 0-0: Ball
1-0: Ball
2-0: Fielders Choice at 2nd, 6-4 (Groundball, 6, EV 90.0 MPH)
Bottom of the 8th over - 0 runs, 1 hit, 0 errors, 1 left on base; Philadelphia 4 - Atlanta 1
TOP OF THE 9TH
Philadelphia Phillies batting - Pitching for Atlanta Braves : LHP Brian Johnson
Pitching: RHP Michael Lorenzen
Batting: RHB Carson Kelly 0-0: Called Strike
0-1: Foul Ball, location: 2F
0-2: Ground out 6-3 (Groundball, 6, EV 90.6 MPH)
Pinch Hitting: LHB Justin Bour 0-0: Ball
1-0: Ball
2-0: Called Strike
2-1: Ball
3-1: Foul Ball, location: 2F
3-2: Strikes out looking
Batting: LHB Leonys Martin 0-0: Foul Ball, location: 2F
0-1: Swinging Strike
0-2: Ball
1-2: SINGLE (Groundball, 34D, EV 100.0 MPH)
Batting: SHB Ketel Marte 0-0: Fly out, F7 (Flyball, 7S, EV 89.4 MPH)
Top of the 9th over - 0 runs, 1 hit, 0 errors, 1 left on base; Philadelphia 4 - Atlanta 1
BOTTOM OF THE 9TH
Atlanta Braves batting - Pitching for Philadelphia Phillies : LHP Alex Claudio
Pitching: RHP Kenley Jansen
Batting: RHB Ian Desmond 0-0: Called Strike
0-1: Swinging Strike
0-2: Strikes out swinging
Batting: SHB Juniel Querecuto 0-0: Ball
1-0: Called Strike
1-1: Swinging Strike
1-2: Strikes out looking
Batting: RHB Pat Valaika 0-0: Called Strike
0-1: Foul Ball, location: 2F
0-2: Ball
1-2: Foul Ball, location: 2F
1-2: Foul Ball, location: 2F
1-2: Strikes out swinging
Bottom of the 9th over - 0 runs, 0 hits, 0 errors, 0 left on base; Philadelphia 4 - Atlanta 1
Friday, December 27th, 2019 - OOTP Baseball 20.8 Build 73